 Dungeon Crawl Stone Soup version 0.18.1-8-gdd0e5ea (webtiles) character file.

16834 l0ser140 the Fighter (level 12, -5/103 HPs)
             Began as a Human Fighter on June 2, 2016.
             Was a High Priest of Okawaru.
             Slain by Snorg (12 damage)
             ... on level 3 of the Lair of Beasts.
             The game lasted 01:19:48 (18837 turns).

l0ser140 the Fighter (Human Fighter)               Turns: 18837, Time: 01:19:49

Health: -5/103     AC: 18    Str: 27    XL:     12   Next: 75%
Magic:  0/16       EV: 10    Int: 14    God:    Okawaru [*****.]
Gold:   503        SH:  0    Dex: 14    Spells: 0 memorised, 11 levels left

rFire  + . .     SeeInvis .     J - +7 triple sword of Success {speed, +Blink Str+6 Int+6}
rCold  . . .     Gourm    .     N - +3 ring mail
rNeg   + . .     Faith    .     (shield currently unavailable)
rPois  .         Spirit   +     b - +2 hat of the Bear Spirit {Spirit, +Rage rN+ MR++}
rElec  .         Dismiss  .     t - +2 cloak {MR+}
rCorr  +         Reflect  .     P - +1 pair of gloves {rF+}
SustAt .         Harm     .     (no boots)
MR     +++..                    z - amulet of regeneration
Stlth  ++........               O - ring of resist corrosion
                                (no ring)

@: about to teleport, extremely resistant to hostile enchantments, unstealthy
A: no striking features
a: Heroism, Finesse, Renounce Religion, Evoke Blink, Evoke Berserk Rage


You were on level 3 of the Lair of Beasts.
You worshipped Okawaru.
Okawaru was extremely pleased with you.
You were not hungry.

You visited 3 branches of the dungeon, and saw 15 of its levels.
You also visited: Bailey and Volcano.

You collected 972 gold pieces.
You spent 469 gold pieces at shops.

Inventory:

Hand Weapons
 l - a +1 great mace of flaming
   (You took it off an ogre in a volcano)
 n - a +2 flail of draining
   (You took it off Edmund on level 5 of the Dungeon)
 H - the +4 whip of Pakellas's Pride {flame, rF+ Str+3}
   (You found it on level 6 of the Dungeon)

   It has been specially enchanted to burn those struck by it, causing extra
   injury to most foes and up to half again as much damage against particularly
   susceptible opponents.
   It affects your strength (+3).
   It protects you from fire.
 J - the +7 triple sword of Success (weapon) {speed, +Blink Str+6 Int+6}
   (You found it on level 1 of the Lair of Beasts)

   Attacks with this weapon are significantly faster.
   It affects your strength (+6).
   It affects your intelligence (+6).
   It lets you blink.
Missiles
 e - 67 tomahawks of returning (quivered)
Armour
 b - the +2 hat of the Bear Spirit (worn) {Spirit, +Rage rN+ MR++}
   (You bought it in a shop on level 6 of the Dungeon)

   It protects you from negative energy.
   It affects your resistance to hostile enchantments.
   It lets you go berserk.
 c - a +0 shield
 t - a +2 cloak of magic resistance (worn)
   (You found it on level 2 of the Lair of Beasts)
 N - a +3 ring mail (worn)
 P - a +1 pair of gloves of fire resistance (worn)
   (You found it in a volcano)
 T - a +1 ring mail of cold resistance
   (You took it off an orc priest on level 11 of the Dungeon)
Jewellery
 p - an uncursed ring of positive energy {unknown}
   (You found it on level 2 of the Lair of Beasts)
 z - an amulet of regeneration (around neck)
   (You found it on level 4 of the Dungeon)
 O - a ring of resist corrosion (right hand)
   (You found it on level 10 of the Dungeon)
 Q - an uncursed ring of ice
   (You took it off Fannar on level 10 of the Dungeon)
Wands
 a - a wand of slowing (29/48)
 g - a wand of paralysis (16/24)
 F - a wand of flame (48/48)
 L - a wand of lightning (5/15)
 M - a wand of hasting (0/9)
Scrolls
 h - a scroll of fear {unknown}
 i - 2 scrolls of blinking {unknown}
 m - a scroll of immolation {unknown}
 r - a scroll of magic mapping
 s - a scroll of fog {unknown}
 v - 4 scrolls of enchant weapon {unknown}
 y - a scroll of amnesia {unknown}
 B - a scroll of silence {unknown}
 G - a scroll of vulnerability {unknown}
 K - a scroll of enchant armour {unknown}
 R - 2 scrolls of summoning {unknown}
 S - a scroll of remove curse
Potions
 d - a potion of might
 j - a potion of ambrosia {unknown}
 k - 4 potions of flight
 o - 3 potions of agility {unknown}
 q - 3 potions of magic
 u - 2 potions of lignification {unknown}
 w - 4 potions of resistance
 A - 4 potions of berserk rage
 I - 2 potions of beneficial mutation {unknown}
Comestibles
 f - 8 bread rations
 x - 5 meat rations
 C - a royal jelly
 D - a beef jerky
 U - 2 chunks of flesh


   Skills:
 + Level 12.7 Fighting
 * Level 3.1 Long Blades
 - Level 2.0 Maces & Flails
 - Level 9.7 Armour
 + Level 2.1 Stealth
 - Level 10.0 Shields
 * Level 4.1 Invocations
 - Level 5.9 Evocations


You had 11 spell levels left.
You didn't know any spells.

Dungeon Overview and Level Annotations

Branches:
Dungeon (11/15)            Temple (1/1) D:5            Lair (3/8) D:11
    Orc (0/2) D:11
  Swamp: Lair:3-6    Shoals: Lair:3-6     Snake: Lair:3-6    Spider: Lair:3-6

Altars:
Ashenzari
Cheibriados
Dithmenos
Elyvilon
Fedhas
Gozag
Kikubaaqudgha
Makhleb
Nemelex Xobeh
Okawaru
Pakellas
Qazlal
Ru
Sif Muna
Trog
Vehumet
Xom
Yredelemnul
Zin
The Shining One

Shops:
D:6 [   D:11 (

Annotations:
Lair:3 Snorg


Message History

Damage: -2%(-3hp) hp: 98%(100hp)
You slice Snorg!!
Snorg is moderately wounded.
Snorg goes berserk!
Snorg bites you! Snorg closely misses you. Snorg misses you.
Damage: -8%(-8hp) hp: 91%(93hp) Snorg completely misses you.
Snorg claws you but does no damage. x2
Snorg bites you but does no damage. Snorg claws you but does no damage.
Snorg closely misses you. Snorg bites you! Snorg misses you.
Snorg claws you but does no damage.
Damage: -12%(-12hp) hp: 81%(83hp)
You feel like a meek peon again. Snorg bites you! Snorg claws you.
Snorg claws you!
Huge Dmg: -22%(-23hp) hp: 60%(61hp) Unknown command.
Snorg rages.
Snorg bites you. Snorg claws you! x2
* * * LOW HITPOINT WARNING * * *
Huge Dmg: -26%(-26hp) hp: 35%(36hp) Drink which item? (? for menu, Esc to quit)
Okay, then.
Wear which item? (? for menu, Esc to quit)
Okay, then.
Evoke which item? (* to show all) (? for menu, Esc to quit)
Okay, then.
Press: ? - help, v - describe, . - travel
Here: Snorg (lightly wounded, berserk, fast, unusually strong)
The floor.
Read which item? (? for menu, Esc to quit)
As you read the scroll of teleportation, it crumbles to dust.
You feel strangely unstable. Snorg bites you!
* * * LOW HITPOINT WARNING * * *
Snorg claws you but does no damage. Snorg claws you.
* * * LOW HITPOINT WARNING * * *
Huge Dmg: -9%(-10hp) hp: 26%(26hp) Evoke which item? (* to show all) (? for menu, Esc to quit)
Zapping:
M - a wand of hasting {zapped: 6} (will waste charges)
Press: ? - help, Shift-Dir - straight line, f - you Nothing appears to happen.
Snorg bites you!
* * * LOW MAGIC WARNING * * *
* * * LOW HITPOINT WARNING * * *
Snorg claws you!
* * * LOW MAGIC WARNING * * *
* * * LOW HITPOINT WARNING * * *
Snorg claws you.
* * * LOW HITPOINT WARNING * * *
Snorg completely misses you. Snorg claws you but does no damage.
Snorg claws you!
* * * LOW MAGIC WARNING * * *
You die...

............. ..
............. ..#
.#........# .
...##.##......# .£.
.>...#......#....
#...#...<.......
#...#......##...
#......$....#
###.£#♂....£#
...###.##T.....#
...............#$.#
...................
...................
...................
...................
..............##.#
..###..###......#.


You could see Snorg (berserk).

Vanquished Creatures
  A hydra (Lair:2)
  Fannar (D:10)
  An ogre mage (Volcano)
  An unseen horror (D:11)
  A lindwurm (Lair:1)
  Pikel (D:7)
  2 hill giants (Volcano)
  A manticore (D:11)
  Joseph (D:10)
  A komodo dragon (Lair:2)
  2 trolls (D:8 D:11)
  A polar bear (Lair:2)
  A two-headed ogre (Volcano)
  4 yaks (Lair:2)
  A wraith (D:11)
  2 fire bats (Volcano)
  Eustachio (D:4)
  2 hungry ghosts (D:11)
  13 killer bees (D:7 D:6 D:8 D:11)
  A basilisk (Lair:2)
  A hippogriff (Lair:2)
  Menkaure (D:5)
  Edmund (D:5)
  2 water moccasins (D:8 Lair:2)
  4 porcupines (Lair:1 Lair:2)
  6 orc warriors (D:5 Bailey D:8 D:11)
  A slave (D:7)
  7 ogres (D:4 D:7 D:5 D:8 D:9)
  4 ice beasts (D:5 D:6 D:9 D:11)
  A phantom (D:5)
  2 sky beasts (D:8 D:10)
  3 necrophages (D:7 D:8 D:11)
  4 black bears (D:6 D:8 D:9)
  4 centaurs (D:5 D:6 D:8)
  3 wolves (Lair:2)
  5 crocodiles (D:9 Lair:1 Lair:2)
  4 big kobolds (D:7 D:8 D:9)
  12 giant frogs (D:6 D:7 D:9 D:10 D:11)
  A vampire bat (D:7)
  5 wights (D:7)
  8 lava snakes (Volcano)
  2 centaur zombies (D:6 D:8)
  7 crimson imps (D:4 D:5 D:6 D:7 D:8)
  A giant frog zombie (D:11)
  5 hounds (D:6 D:7)
  3 jellies (D:7 D:10)
  6 orc priests (D:3 D:5 D:6 D:8 D:7)
  3 centaur skeletons (D:7 D:10 D:11)
  10 orc wizards (D:3 D:6 D:5 D:8 D:11)
  5 iguanas (D:3 D:7 D:10 Lair:1 Lair:2)
  12 worker ants (D:4 D:5 D:7 D:8 D:9)
  A hound skeleton (D:6)
  20 gnolls (D:4 Bailey D:10)
  A howler monkey skeleton (D:5)
  14 adders (D:2 D:3 D:5 D:7 D:10)
  6 river rats (D:6)
  5 shadow imps (D:5 D:8 D:9 D:11)
  3 oozes (D:2 D:3)
  An adder skeleton (D:9)
  An adder zombie (D:9)
  5 worms (D:2 D:3 D:5)
  A dart slug (D:3)
  3 giant geckos (D:1 D:2 Temple)
  44 orcs (D:3 D:4 D:5 D:6 D:7)
  4 ball pythons (D:1 D:4 D:3 D:5)
  6 giant cockroaches (D:1 D:3 D:5 D:7)
  3 goblins (D:2 D:3)
  20 hobgoblins (D:1 D:2 D:3 Bailey)
  14 jackals (D:1 D:2 D:3 D:6 D:5)
  6 quokkas (D:2 D:3 D:7 D:11)
  21 bats (D:1 D:2 D:3 D:7)
  A giant gecko skeleton (D:6)
  2 giant newts (D:1)
  32 kobolds (D:1 D:2 D:3 D:7 Bailey)
  A quokka skeleton (D:5)
  A quokka zombie (D:6)
  26 rats (D:1 D:3 D:6)
414 creatures vanquished.

Vanquished Creatures (others)
  2 two-headed ogres (D:9)
  A sky beast (D:5)
  An ogre (D:9)
  3 slaves (D:7)
  A giant frog (D:9)
  A centaur skeleton (D:5)
  A worker ant zombie (D:9)
  A gnoll (D:9)
  2 fungi (Lair:2)
13 creatures vanquished.

Grand Total: 427 creatures vanquished

Notes
Turn   | Place    | Note
--------------------------------------------------------------
     0 | D:1      | l0ser140 the Human Fighter began the quest for the Orb.
     0 | D:1      | Reached XP level 1. HP: 18/18 MP: 1/1
   110 | D:1      | Reached XP level 2. HP: 24/24 MP: 2/2
   250 | D:1      | Reached XP level 3. HP: 29/29 MP: 3/3
   705 | D:2      | Reached XP level 4. HP: 34/37 MP: 4/4
   924 | D:2      | Found a burning altar of Makhleb.
   924 | D:2      | Found a stormy altar of Qazlal.
  1003 | D:2      | Reached skill level 4 in Fighting
  1029 | D:2      | Huge Dmg: 6 Dmg
  1454 | D:3      | Reached XP level 5. HP: 42/42 MP: 5/5
  1524 | D:3      | Reached skill level 4 in Armour
  1696 | D:3      | Found an ancient bone altar of Kikubaaqudgha.
  1885 | D:3      | Found a shadowy altar of Dithmenos.
  1885 | D:3      | Found a white marble altar of Elyvilon.
  1886 | D:3      | Found a shimmering altar of Xom.
  2130 | D:3      | Noticed a moth of wrath
  2133 | D:3      | Found a bloodstained altar of Trog.
  2614 | D:4      | Noticed an ogre
  2622 | D:4      | Huge Dmg: 14 Dmg
  2806 | D:3      | Reached XP level 6. HP: 49/49 MP: 6/6
  2813 | D:3      | Reached skill level 4 in Shields
  2851 | D:4      | Reached skill level 5 in Fighting
  2935 | D:4      | Noticed Eustachio
  2978 | D:4      | Noticed an ogre
  3063 | D:4      | Huge Dmg: 10 Dmg
  3286 | D:3      | Huge Dmg: 10 Dmg
  3783 | D:4      | Reached XP level 7. HP: 51/56 MP: 5/7
  3832 | D:5      | Entered Level 5 of the Dungeon
  4057 | D:5      | Noticed Edmund
  4079 | D:5      | Killed Edmund
  4079 | D:5      | Reached skill level 6 in Fighting
  4079 | D:5      | Reached skill level 5 in Armour
  4162 | D:5      | Noticed Menkaure
  4168 | D:5      | Huge Dmg: 25 Dmg
  4342 | D:4      | Reached skill level 5 in Shields
  4342 | D:4      | Reached XP level 8. HP: 58/65 MP: 6/8
  4481 | D:5      | Found a basalt altar of Yredelemnul.
  4535 | D:5      | Huge Dmg: 14 Dmg
  4538 | D:5      | Killed Menkaure
  4538 | D:5      | Reached skill level 7 in Fighting
  4827 | D:5      | Found a staircase to the Ecumenical Temple.
  4880 | Temple   | Entered the Ecumenical Temple
  5322 | D:5      | Found an iron altar of Okawaru.
  5332 | D:5      | Became a worshipper of Warmaster Okawaru
  5535 | D:6      | Reached skill level 6 in Armour
  5582 | D:6      | Huge Dmg: 15 Dmg
  5589 | D:6      | Huge Dmg: 11 Dmg
  5753 | D:5      | Huge Dmg: 15 Dmg
  5759 | D:5      | Huge Dmg: 10 Dmg
  5761 | D:5      | Reached skill level 8 in Fighting
  5761 | D:5      | Reached XP level 9. HP: 34/74 MP: 3/9
  5957 | D:6      | Reached skill level 6 in Shields
  5973 | D:6      | Found Subasm's Armour Shop.
  6134 | D:6      | Reached * piety under Okawaru
  6193 | D:6      | Got an iridescent whip
  6194 | D:6      | Identified the +4 whip of Pakellas's Pride {flame, rF+ Str+3} (You found it on level 6 of the Dungeon)
  6300 | D:6      | Huge Dmg: 18 Dmg
  6309 | D:6      | Huge Dmg: 12 Dmg
  6310 | D:6      | Huge Dmg: 14 Dmg
  6320 | D:5      | Huge Dmg: 12 Dmg
  6322 | D:5      | Huge Dmg: 18 Dmg
  6928 | D:6      | Reached skill level 9 in Fighting
  7244 | D:6      | Found a glowing silver altar of Zin.
  7412 | D:7      | Reached skill level 7 in Armour
  7445 | D:7      | Found a deep blue altar of Sif Muna.
  7618 | D:7      | Reached ** piety under Okawaru
  7629 | D:7      | Found a flagged portal.
  7636 | D:7      | Got a bloodstained hand axe
  7638 | D:7      | Got a jewelled hand axe
  7639 | D:7      | Identified the cursed +1 hand axe of Infinity {chop, rPois Dex+3 Stlth+} (You found it on level 7 of the Dungeon)
  7676 | Bailey   | Entered a bailey
  7723 | Bailey   | Huge Dmg: 22 Dmg
  8050 | Bailey   | Huge Dmg: 21 Dmg
  8053 | Bailey   | Reached skill level 7 in Shields
  8269 | Bailey   | Huge Dmg: 11 Dmg
  8275 | Bailey   | Reached XP level 10. HP: 24/82 MP: 2/10
  8277 | Bailey   | Huge Dmg: 10 Dmg
  8758 | D:7      | Noticed Pikel
  8821 | D:7      | Killed Pikel
  8821 | D:7      | Reached skill level 10 in Fighting
  9028 | D:7      | Got a translucent battleaxe
  9215 | D:7      | Found a snail-covered altar of Cheibriados.
  9445 | D:8      | Huge Dmg: 10 Dmg
  9460 | D:8      | Huge Dmg: 13 Dmg
 10153 | D:6      | Reached skill level 8 in Armour
 10197 | D:5      | Huge Dmg: 13 Dmg
 10502 | D:6      | Reached *** piety under Okawaru
 11008 | D:8      | Reached skill level 8 in Shields
 11125 | D:8      | Huge Dmg: 21 Dmg
 11386 | D:8      | Reached skill level 11 in Fighting
 11394 | D:8      | Huge Dmg: 21 Dmg
 11399 | D:8      | Huge Dmg: 11 Dmg
 11402 | D:8      | Huge Dmg: 8 Dmg
 11744 | D:8      | Found a blossoming altar of Fedhas.
 12202 | D:4      | Killed Eustachio
 12202 | D:4      | Reached XP level 11. HP: 91/93 MP: 9/11
 12504 | D:9      | Found an opulent altar of Gozag.
 12686 | D:9      | Found a shattered altar of Ashenzari.
 12726 | D:9      | Reached **** piety under Okawaru
 12841 | D:8      | Identified the cursed +0 battleaxe of Income {chop, +Fly MR+} (You found it on level 7 of the Dungeon)
 12926 | D:9      | Found a shimmering altar of Xom.
 13355 | D:6      | Bought the +2 hat of the Bear Spirit {Spirit, +Rage rN+ MR++} for 469 gold pieces
 13480 | D:10     | Entered Level 10 of the Dungeon
 13788 | D:10     | Reached skill level 1 in Evocations
 13917 | D:10     | Noticed Joseph
 13931 | D:10     | Huge Dmg: 45 Dmg
 13933 | D:10     | Killed Joseph
 14021 | D:10     | Reached skill level 2 in Evocations
 14041 | D:10     | Reached skill level 9 in Armour
 14110 | D:10     | Found a shadowy altar of Dithmenos.
 14115 | D:10     | Noticed Fannar
 14126 | D:10     | Killed Fannar
 14126 | D:10     | Reached ***** piety under Okawaru
 14126 | D:10     | Reached skill level 12 in Fighting
 14126 | D:10     | Reached skill level 9 in Shields
 14126 | D:10     | Reached skill level 3 in Evocations
 14133 | D:10     | Huge Dmg: 47 Dmg
 14606 | D:11     | Found a staircase to the Lair.
 14692 | D:11     | Got a smoking hunting sling
 14924 | D:11     | Noticed a manticore
 14940 | D:11     | Huge Dmg: 17 Dmg
 14947 | D:11     | Killed a manticore
 14953 | D:11     | Huge Dmg: 23 Dmg
 15258 | D:11     | Reached skill level 4 in Evocations
 15324 | D:11     | Huge Dmg: 33 Dmg
 15541 | D:11     | Found a staircase to the Orcish Mines.
 15541 | D:11     | Found Ogeorievepp's Weapon Boutique.
 15645 | D:11     | Noticed a hill giant
 15949 | D:11     | Killed an unseen horror
 16138 | D:11     | Found an oddly glowing altar of Pakellas.
 16219 | D:11     | Huge Dmg: 5 Dmg
 16220 | D:11     | Huge Dmg: 6 Dmg
 16228 | D:11     | Huge Dmg: 6 Dmg
 16232 | D:11     | Huge Dmg: 4 Dmg
 16234 | D:11     | Huge Dmg: 7 Dmg
 16241 | D:11     | Huge Dmg: 4 Dmg
 16243 | D:11     | Huge Dmg: 5 Dmg
 16255 | D:11     | Huge Dmg: 3 Dmg
 16258 | D:11     | Huge Dmg: 8 Dmg
 16259 | D:11     | HP: 4/95 [something (7)]
 16260 | D:11     | Huge Dmg: 7 Dmg
 16273 | Lair:1   | Entered Level 1 of the Lair of Beasts
 16493 | Lair:1   | Found a dark tunnel.
 16493 | Lair:1   | Noticed a lindwurm
 16523 | Lair:1   | Killed a lindwurm
 16523 | Lair:1   | Reached skill level 5 in Evocations
 16523 | Lair:1   | Reached XP level 12. HP: 83/102 MP: 12/15
 16530 | Lair:1   | Huge Dmg: 28 Dmg
 16685 | Volcano  | Entered a volcano
 16731 | Volcano  | Huge Dmg: 20 Dmg
 16785 | Volcano  | Huge Dmg: 19 Dmg
 16873 | Volcano  | Huge Dmg: 47 Dmg
 17010 | Volcano  | Huge Dmg: 28 Dmg
 17048 | Volcano  | Noticed an ogre mage
 17128 | Volcano  | Killed an ogre mage
 17128 | Volcano  | Reached skill level 2 in Invocations
 17131 | Volcano  | Huge Dmg: 49 Dmg
 17159 | Volcano  | Found a burning altar of Makhleb.
 17190 | Volcano  | Found a bloodstained altar of Trog.
 17209 | Lair:1   | Huge Dmg: 51 Dmg
 17306 | Lair:1   | Reached skill level 10 in Shields
 17600 | Lair:1   | Got a faintly glowing triple sword
 17876 | Lair:1   | Identified the +7 triple sword of Success {speed, +Blink Str+6 Int+6} (You found it on level 1 of the Lair of Beasts)
 18000 | Lair:2   | Huge Dmg: 24 Dmg
 18005 | Lair:2   | Noticed an eight-headed hydra
 18013 | Lair:2   | Killed an eight-headed hydra
 18013 | Lair:2   | Reached skill level 1 in Long Blades
 18013 | Lair:2   | Reached skill level 1 in Stealth
 18013 | Lair:2   | Reached skill level 3 in Invocations
 18018 | Lair:2   | Huge Dmg: 29 Dmg
 18035 | Lair:2   | Got a transparent quarterstaff
 18036 | Lair:2   | Identified the cursed +1 quarterstaff "Burupn" {freeze, rPois} (You found it on level 2 of the Lair of Beasts)
 18155 | Lair:2   | Huge Dmg: 23 Dmg
 18234 | Lair:2   | Reached skill level 2 in Long Blades
 18296 | Lair:2   | Reached skill level 2 in Stealth
 18599 | Lair:2   | Reached skill level 4 in Invocations
 18622 | Lair:2   | Reached skill level 3 in Long Blades
 18813 | Lair:3   | Noticed Snorg
 18834 | Lair:3   | Huge Dmg: 23 Dmg
 18836 | Lair:3   | Huge Dmg: 26 Dmg
 18837 | Lair:3   | Huge Dmg: 10 Dmg
 18837 | Lair:3   | Slain by Snorg

Skill      XL: |  1  2  3  4  5  6  7  8  9 10 11 12 |
---------------+-------------------------------------+-----
Fighting       | 4 5 6 8 9 11 12 | 12.7
Armour         | 4 5 6 7 8 9 |  9.7
Shields        | 4 5 7 8 9 10 | 10.0
Evocations     | 5 |  5.9
Invocations    | 4 |  4.1
Long Blades    | 3 |  3.1
Stealth        | 2 |  2.1
Maces & Flails | |  2.0

Action                   |  1- 3 |  4- 6 |  7- 9 | 10-12 || total
-------------------------+-------+-------+-------+-------++-------
Melee: Flail             |   115 |   334 |   216 |    71 ||   736
       Whip              |       |       |   283 |   859 ||  1142
       Triple sword      |       |       |       |    66 ||    66
       Great mace        |       |       |       |     3 ||     3
Throw: Tomahawk          |       |       |       |     7 ||     7
Invok: Heroism           |       |       |     2 |    29 ||    31
       Finesse           |       |       |       |     2 ||     2
 Abil: Evoke Berserk Rag |       |       |       |     8 ||     8
Evoke: Wand              |       |       |       |     2 ||     2
  Use: Potion            |       |       |     2 |    10 ||    12
       Scroll            |       |       |     9 |    10 ||    19
  Eat: Chunk             |       |     8 |    13 |    30 ||    51
       Pizza             |       |     1 |     1 |     1 ||     3
       Fruit             |       |       |     1 |     5 ||     6
       Beef jerky        |       |       |       |     5 ||     5
       Meat ration       |       |       |       |     1 ||     1
Armor: Scale mail        |    50 |   173 |   151 |   211 ||   585
       Ring mail         |       |       |       |   303 ||   303
Dodge: Dodged            |    43 |   133 |   144 |   325 ||   645
Block: Shield            |    87 |   198 |   283 |   647 ||  1215

Vault maps used:
D:1:      zaba_arrival_water, minmay_distorted
D:2:      gammafunk_temple_overflow_elements, serial_glass, glass_columns_a,
          glass_columns_c
D:3:      tgw_trog, grunt_temple_overflow_open, serial_aquarium,
          aquarium_bridge_island_small, aquarium_bridge_square,
          aquarium_window_3, aquarium_window_2, aquarium_view_2d
D:4:      uniq_eustachio
D:5:      kennysheep_okawaru_gauntlet, yredelemnul_altar_generic,
          minmay_temple_entry_purple_smoke, first_bread, minivault_11,
          lemuel_flame_loot_1, uniq_edmund, uniq_menkaure
D:6:      lemuel_ratsnest, zin_scriptorium, serial_shops, shop_statue
D:7:      kennysheep_mini, nicolae_overflow_crystal_walls, enter_bailey_2,
          grunt_ogre_cave, roderic_batcave, uniq_pikel
D:8:      basic_altar
D:9:      nicolae_gozag_seed_capital, nicolae_overflow_hidden_temple,
          xom_confusion_cloud
D:10:     minivault_1, grunt_dithmenos_smoke, uniq_fannar, uniq_joseph
D:11:     lair_0_dummy, orc_david_3, grunt_pakellas_mercury
Temple:   hc_temple_tempest_star
Lair:1:   nicolae_volcano_entry_vermiform, serial_bayou_shore_b
Lair:2:   grunt_forest_stairs_basic, serial_bayou_shore_b
Lair:3:   wad_woods_river_01, uniq_snorg
Bailey:   bailey_axe_2, bailey
Volcano:  volcano_grotto
